 Dungeon Sprint DCSS version 0.30.1-4-g462c640d31 (webtiles) character file.

Game seed: 15482978511394976947

1184 Heoruswealwe the Grappler (level 8, -3/88 HPs)
             Began as a Troll Berserker on Aug 16, 2023.
             Was a Priest of Trog.
             Slain by a hornet (16 damage)
             ... in the Dungeon (Sprint I: "Red Sonja").
             The game lasted 00:05:52 (342 turns).

Heoruswealwe the Grappler (Troll Berserker)          Turns: 342, Time: 00:05:52

Health: -3/88      AC:  4    Str: 28    XL:     8   Next: 19%
Magic:  7/7        EV: 11    Int:  3    God:    Trog [***...]
Gold:   15         SH:  0    Dex:  9    Spells: 7/7 levels left

rFire   . .          .
                       - Unarmed
rCold   . . .        (no shield)
rNeg    . . .        a - +0 animal skin
rPois   .            (helmet restricted)
rElec   .            (no cloak)
rCorr   .            (gloves unavailable)
SInv    .            (boots unavailable)
Will    .....        (no amulet)
Stlth   +            (no ring)
HPRegen 1.14/turn    (no ring)
MPRegen 0.10/turn

%: no teleportation
@: lethally poisoned (-3 -> -7), slowed, very slow
A: large, unfitting armour, claws 3, regeneration 1, shaggy fur 1, tough skin 1
a: Renounce Religion, Berserk, Trog's Hand


You were in the Dungeon.
You worshipped Trog.
Trog was most pleased with you.
You visited 1 branch You collected 427 gold pieces.
You spent 412 gold pieces at shops.

Inventory:

Hand Weapons
 c - the +5 glaive of Xom's Whim {freeze, Fragile rF+ Will+}
   (You bought it in a shop in the Dungeon)

   rF:        It protects you from fire.
   Fragile:   It will be destroyed if unequipped.
   Will:      It increases your willpower.
 f - a +0 giant spiked club
Armour
 a - a +0 animal skin (worn)
Wands
 h - a wand of mindburst (21)
Scrolls
 g - a scroll of blinking
 i - 2 scrolls of identify {unknown}
Potions
 b - a potion of curing
 d - a potion of haste
 e - 2 potions of magic


   Skills:
 + Level 8.1 Fighting
 + Level 8.0 Dodging
 * Level 13.1 Unarmed Combat


You had 7 spell levels left.
You didn't know any spells.
Your spell library was empty.

Dungeon Overview and Level Annotations

Branches:
Dungeon (1/1)

Altars:
Cheibriados
Dithmenos
Elyvilon
Fedhas
Gozag
Hepliaklqana
Kikubaaqudgha
Makhleb
Nemelex Xobeh
Okawaru
Qazlal
Ru
Sif Muna
Trog
Uskayaw
Vehumet
Wu Jian
Xom
Yredelemnul
Zin
The Shining One
Jiyva
Lugonu

Shops:
D *


Innate Abilities, Weirdness & Mutations

You are too large for most types of armour.
You have claws for hands.
Your natural rate of healing is unusually fast.
You are covered in fur. (AC +1)
You have tough skin. (AC +1)


Message History

Found a glass wand.
There is an open door here.
You enter the shallow water.
There is an open door here.
The hornet stings you!
You are poisoned.
You feel yourself slow down.
There is an open door here.
You mangle the hornet!!
The hornet is severely wounded.
You feel very sick. The hornet stings you.
You suddenly lose the ability to move!
You feel yourself speed up.
You feel sick. The hornet stings you.
You feel yourself slow down. The hornet stings you!
You feel as though you will be slow longer.
You feel sick. The hornet stings you!
You are more poisoned.
You feel as though you will be slow longer.
You can move again.
You scratch the hornet.
The hornet is almost dead.
You feel very sick. The hornet stings you.
You feel as though you will be slow longer.
The hornet stings you.
You are more poisoned.
You shrug off the repeated paralysis!
You scratch the hornet.
The hornet is almost dead.
You feel very sick. The hornet completely misses you. The hornet stings you!
* * * LOW HITPOINT WARNING * * *
You feel as though you will be slow longer.
You feel better. The hornet stings you!
* * * LOW HITPOINT WARNING * * *
You are poisoned.
You feel as though you will be slow longer.
The hornet stings you!
You die...

######################
#<.#..'..#..)..#__#..+
#..').#..').#..'..'..#
#..#####'#####'#__####
#..####..#...#.####§§#
#..#__####..##.#§§~§§#$y#
#..#_____##'#_.@y§§§§'..#
#⌠⌠#_.∩...'...§#§§§§.#$$#
####_..__##_.#'##§####
#_____###+#.#/?./ #######
####+###


You could see a hornet.

Vanquished Creatures
  A centaur warrior (D)
  A slime creature (D)
  Sigmund (D)
  A yak (D)
  An ogre (D)
  A jelly (D)
  Ijyb (D)
7 creatures vanquished.

Notes
Turn   | Place    | Note
-------+----------+-------------------------------------------
     0 | D        | Heoruswealwe the Troll Berserker began the quest for the
                  | Orb.
     0 | D        | Reached XP level 1. HP: 22/22 MP: 0/0
     2 | D        | Noticed Ijyb
     8 | D        | Killed Ijyb
     9 | D        | Reached skill level 5 in Unarmed Combat
     9 | D        | Reached XP level 2. HP: 31/31 MP: 1/1
    41 | D        | Noticed an ogre
    47 | D        | Killed an ogre
    48 | D        | Reached skill level 7 in Unarmed Combat
    48 | D        | Reached XP level 3. HP: 39/40 MP: 2/2
    48 | D        | Reached XP level 4. HP: 48/49 MP: 3/3
    61 | D        | Noticed Sigmund
    68 | D        | Killed Sigmund
    68 | D        | Reached ** piety under Trog
    69 | D        | Reached skill level 5 in Fighting
    69 | D        | Reached skill level 5 in Dodging
    69 | D        | Reached skill level 9 in Unarmed Combat
    69 | D        | Reached XP level 5. HP: 24/59 MP: 4/4
    69 | D        | Reached XP level 6. HP: 27/67 MP: 5/5
   115 | D        | Found a burning altar of Makhleb.
   115 | D        | Found a viscous altar of Jiyva.
   115 | D        | Found a shimmering altar of Xom.
   115 | D        | Found a corrupted altar of Lugonu.
   115 | D        | Noticed a slime creature
   125 | D        | HP: 2/67 [slime creature (17)]
   127 | D        | Killed a slime creature
   128 | D        | Reached skill level 10 in Unarmed Combat
   186 | D        | Found an ornate altar of the Wu Jian Council.
   186 | D        | Found a shimmering blue altar of Sif Muna.
   188 | D        | Found a radiant altar of Vehumet.
   223 | D        | Found Notynn's Assorted Antiques.
   223 | D        | Found an ancient bone altar of Kikubaaqudgha.
   223 | D        | Found a hazy altar of Hepliaklqana.
   223 | D        | Found a stormy altar of Qazlal.
   223 | D        | Found a hide-covered altar of Uskayaw.
   223 | D        | Found a blossoming altar of Fedhas.
   223 | D        | Found a bloodstained altar of Trog.
   223 | D        | Found an iron altar of Okawaru.
   223 | D        | Found a basalt altar of Yredelemnul.
   223 | D        | Found a glowing golden altar of the Shining One.
   223 | D        | Found a snail-covered altar of Cheibriados.
   223 | D        | Found a sacrificial altar of Ru.
   223 | D        | Found a glowing silver altar of Zin.
   223 | D        | Found a shadowy altar of Dithmenos.
   223 | D        | Found a white marble altar of Elyvilon.
   223 | D        | Noticed a yak
   224 | D        | Found an opulent altar of Gozag.
   234 | D        | Killed a yak
   234 | D        | Reached *** piety under Trog
   235 | D        | Reached skill level 11 in Unarmed Combat
   235 | D        | Reached XP level 7. HP: 61/78 MP: 6/6
   235 | D        | Found a sparkling altar of Nemelex Xobeh.
   241 | D        | Bought a potion of curing for 75 gold pieces
   241 | D        | Bought a polished glaive for 287 gold pieces
   241 | D        | Identified the +5 glaive of Xom's Whim {freeze, Fragile rF+
                  | Will+} (You bought it in a shop in the Dungeon)
   241 | D        | Bought a scroll labelled RUHAWK NANADIU for 25 gold pieces
   241 | D        | Bought a scroll labelled RUHAWK NANADIU for 25 gold pieces
   264 | D        | Noticed a centaur warrior
   264 | D        | Noticed a centaur warrior
   271 | D        | Noticed a hornet
   284 | D        | Killed a centaur warrior
   285 | D        | Reached skill level 13 in Unarmed Combat
   285 | D        | Reached XP level 8. HP: 54/88 MP: 7/7
   337 | D        | Paralysed by a hornet for 3 turns
   342 | D        | Slain by a hornet

Illustrated notes

Levels and vault maps discovered:
D:        dungeon_sprint_1 [red_sonja_temple_1, red_sonja_temple_small_1]

Skill      XL: |  1  2  3  4  5  6  7 |
---------------+----------------------+-----
Fighting       | 3 4 5 7 8 |  8.1
Dodging        | 3 4 5 7 8 |  8.0
Unarmed Combat | 5 7 9 11 13 | 13.1

Action                     |  1- 3 |  4- 6 |  7- 9 || total
---------------------------+-------+-------+-------++-------
  Melee: Unarmed           |    10 |    29 |     6 ||    45
         Punch             |       |       |     1 ||     1
 Invoke: Berserk           |     1 |       |       ||     1
    Use: Potion            |     1 |     2 |     1 ||     4
 Armour: Animal skin       |       |     2 |     1 ||     3
  Dodge: Dodged            |     2 |    12 |     2 ||    16
